BSA
CHICAGO MACHINE @ MADISON BOMBERS
09/02/2024
 
TOP OF THE 1ST
Chicago Machine batting - Pitching for Madison Bombers : RHP Andy Parker
Pitching: RHP Andy Parker
Batting: LHB Francisco Vega 0-0: Ball
1-0: Ball
2-0: Called Strike
2-1: Ball
3-1: Base on Balls
Batting: SHB Joaquín López 0-0: Ball
1-0: Foul Ball, location: 2F
Balk!
Francisco Vega to second
1-1: Foul Ball, location: 2F
1-2: Ball
2-2: Fly out, F8 (Flyball, 8RXD)
Runner from 2nd tags up, SAFE at 3rd, no throw
Batting: LHB Eric Wheeler 0-0: Swinging Strike
0-1: Fly out, F5 (Popup, 5SF)
Batting: LHB Luis Sánchez 0-0: Ball
1-0: Called Strike
1-1: SINGLE (Line Drive, 7LS)
Francisco Vega scores
Batting: RHB Doug Stephens 0-0: Foul Ball, location: 2F
0-1: Swinging Strike
0-2: Ball
1-2: Foul Ball, location: 2F
1-2: Fly out, F6 (Line Drive, 6)
Top of the 1st over - 1 run(s), 1 hit(s), 0 error(s), 1 left on base; Chicago 1 - Madison 0
BOTTOM OF THE 1ST
Madison Bombers batting - Pitching for Chicago Machine : RHP Nazih Kasib
Pitching: RHP Nazih Kasib
Batting: LHB Keith Tillman 0-0: Called Strike
0-1: Ground out 3-1 (Groundball, 34S)
Batting: RHB Sergio Márquez 0-0: Called Strike
0-1: Called Strike
0-2: Ball
1-2: Foul Ball, location: 2F
1-2: Strikes out swinging
Batting: LHB Sixto Cantú 0-0: Ball
1-0: Ball
2-0: Foul Ball, location: 2F
2-1: Foul Ball, location: 2F
2-2: Foul Ball, location: 2F
2-2: Ball
3-2: Ground out 5-3 (Groundball, 56)
Bottom of the 1st over - 0 run(s), 0 hit(s), 0 error(s), 0 left on base; Chicago 1 - Madison 0
TOP OF THE 2ND
Chicago Machine batting - Pitching for Madison Bombers : RHP Andy Parker
Batting: LHB Marcos Vargas 0-0: Called Strike
0-1: Foul Ball, location: 2F
0-2: Ball
1-2: Ball
2-2: Fly out, F4 (Popup, 4)
Batting: RHB Derek Ramsey 0-0: Ball
1-0: SOLO HOME RUN (Flyball, 78XD), Distance : 398 ft
Batting: RHB Roberto Cardona 0-0: Foul Ball, location: 2F
0-1: Foul Ball, location: 2F
0-2: SINGLE (Groundball, 56D)
Batting: RHB Fabrice Brodeur 0-0: Ball
1-0: Ball
2-0: Swinging Strike
2-1: Grounds into double play, 4-6-3 (Groundball, 4)
Top of the 2nd over - 1 run(s), 2 hit(s), 0 error(s), 0 left on base; Chicago 2 - Madison 0
BOTTOM OF THE 2ND
Madison Bombers batting - Pitching for Chicago Machine : RHP Nazih Kasib
Batting: LHB Dave Williams 0-0: Called Strike
0-1: Ground out 1-3 (Groundball, 23)
Batting: RHB Bailey Ramsey 0-0: Ball
1-0: Ball
2-0: Ball
3-0: Called Strike
3-1: Ground out 4-3 (Groundball, 4)
Batting: LHB José Santos 0-0: Foul Ball, location: 2F
0-1: Ball
1-1: SINGLE (Groundball, 6MD)
Batting: SHB Derek Roach 0-0: Ball
1-0: Swinging Strike
1-1: Ball
2-1: Called Strike
2-2: Foul Ball, location: 2F
2-2: Ground out 4-3 (Groundball, 4M)
Bottom of the 2nd over - 0 run(s), 1 hit(s), 0 error(s), 1 left on base; Chicago 2 - Madison 0
TOP OF THE 3RD
Chicago Machine batting - Pitching for Madison Bombers : RHP Andy Parker
Batting: LHB Francisco Vega 0-0: Called Strike
0-1: SINGLE (Groundball, 6MD) (infield hit)
Batting: SHB Joaquín López 0-0: Foul Ball, location: 2F
0-1: Ball
1-1: Ball
2-1: Foul Ball, location: 2F
2-2: TRIPLE (Line Drive, 6D)
Francisco Vega scores
Batting: LHB Eric Wheeler 0-0: Called Strike
0-1: Ball
1-1: Ball
2-1: SINGLE (Groundball, 34D)
Joaquín López scores
Batting: LHB Luis Sánchez 0-0: Called Strike
0-1: Ball
1-1: Ball
2-1: Ball
3-1: Foul Ball, location: 2F
3-2: Base on Balls
Eric Wheeler to second
Batting: RHB Doug Stephens 0-0: Fly out, F4 (Popup, 4)
Batting: LHB Marcos Vargas 0-0: Fly out, F8 (Line Drive, 8RS)
Batting: RHB Derek Ramsey 0-0: SINGLE (Groundball, 6)
Eric Wheeler to third
Luis Sánchez to second
Runner from 3rd tries for Home, SAFE, no throw or cutoff
Batting: RHB Roberto Cardona 0-0: Called Strike
0-1: Ground out 5-3 (Groundball, 5L)
Top of the 3rd over - 3 run(s), 4 hit(s), 0 error(s), 2 left on base; Chicago 5 - Madison 0
BOTTOM OF THE 3RD
Madison Bombers batting - Pitching for Chicago Machine : RHP Nazih Kasib
Batting: LHB Avery Hopkins 0-0: Called Strike
0-1: Called Strike
0-2: DOUBLE (Line Drive, 3D)
Batting: SHB Michael McDonald 0-0: Ball
1-0: Ground out 5-3 (Groundball, 5S)
Avery Hopkins to third
Batting: LHB Keith Tillman 0-0: Ball
1-0: Fly out, F8 (Flyball, 8LM)
Runner from 3rd tags up, SCORES, throw made
Batting: RHB Sergio Márquez 0-0: Ball
1-0: Called Strike
1-1: Foul Ball, location: 2F
1-2: Foul Ball, location: 2F
1-2: Ball
2-2: SINGLE (Line Drive, 56D)
Batting: LHB Sixto Cantú 0-0: Swinging Strike
0-1: Swinging Strike
0-2: Ball
1-2: SINGLE (Line Drive, 34D)
Sergio Márquez to second
Runner from 2nd tries for 3rd, SAFE, throw made to third
Batting: LHB Dave Williams 0-0: Fly out, F8 (Flyball, 8LD)
Bottom of the 3rd over - 1 run(s), 3 hit(s), 0 error(s), 2 left on base; Chicago 5 - Madison 1
TOP OF THE 4TH
Chicago Machine batting - Pitching for Madison Bombers : RHP Andy Parker
Batting: RHB Fabrice Brodeur 0-0: Foul Ball, location: 2F
0-1: Called Strike
0-2: Ball
1-2: Ground out 6-3 (Groundball, 6M)
Batting: LHB Francisco Vega 0-0: Ball
1-0: Foul Ball, location: 2F
1-1: Ball
2-1: Ball
3-1: Base on Balls
Batting: SHB Joaquín López 0-0: Ball
1-0: Ball
2-0: Ball
3-0: Fielders Choice at 2nd, 6-4 (Groundball, 6)
Batting: LHB Eric Wheeler 0-0: Called Strike
0-1: Ground out 4-3 (Groundball, 4)
Top of the 4th over - 0 run(s), 0 hit(s), 0 error(s), 1 left on base; Chicago 5 - Madison 1
BOTTOM OF THE 4TH
Madison Bombers batting - Pitching for Chicago Machine : RHP Nazih Kasib
Batting: RHB Bailey Ramsey 0-0: Called Strike
0-1: Fly out, F9 (Flyball, 9S)
Batting: LHB José Santos 0-0: SINGLE (Flyball, 6MD)
Batting: SHB Derek Roach 0-0: Ball
1-0: SINGLE (Line Drive, 34)
José Santos to second
Runner from 2nd tries for 3rd, SAFE, throw made to third
Batting: LHB Avery Hopkins 0-0: Called Strike
0-1: Grounds into double play, U4-3 (Groundball, 4)
Bottom of the 4th over - 0 run(s), 2 hit(s), 0 error(s), 1 left on base; Chicago 5 - Madison 1
TOP OF THE 5TH
Chicago Machine batting - Pitching for Madison Bombers : RHP Andy Parker
Batting: LHB Luis Sánchez 0-0: Ball
1-0: Ball
2-0: Called Strike
2-1: Swinging Strike
2-2: Ball
3-2: SOLO HOME RUN (Flyball, 8RXD), Distance : 424 ft
Batting: RHB Doug Stephens 0-0: Called Strike
0-1: Foul Ball, location: 2F
0-2: Ball
1-2: Foul Ball, location: 2F
1-2: Reached on error, E4 (Groundball, 34)
Batting: LHB Marcos Vargas 0-0: Called Strike
0-1: Ball
1-1: Ball
2-1: Ball
3-1: Ground out 3-1 (Groundball, 34S)
Doug Stephens to third
Batting: RHB Derek Ramsey 0-0: Ball
1-0: Ball
2-0: Foul Ball, location: 2F
2-1: Ground out 6-3 (Groundball, 6)
Doug Stephens scores
Batting: RHB Roberto Cardona 0-0: Ball
1-0: Ball
2-0: Ball
3-0: Called Strike
3-1: Base on Balls
Batting: RHB Fabrice Brodeur 0-0: Fly out, F8 (Flyball, 8LM)
Top of the 5th over - 2 run(s), 1 hit(s), 1 error(s), 1 left on base; Chicago 7 - Madison 1
BOTTOM OF THE 5TH
Madison Bombers batting - Pitching for Chicago Machine : RHP Nazih Kasib
Batting: SHB Michael McDonald 0-0: Called Strike
0-1: Ball
1-1: Foul Ball, location: 2F
1-2: Fly out, F8 (Flyball, 8RD)
Batting: LHB Keith Tillman 0-0: Foul Ball, location: 2F
0-1: Called Strike
0-2: Foul Ball, location: 2F
0-2: Foul Ball, location: 2F
0-2: Ball
1-2: Fly out, F5 (Popup, 5F)
Batting: RHB Sergio Márquez 0-0: Ball
1-0: Ball
2-0: Foul Ball, location: 2F
2-1: Ground out 4-3 (Groundball, 4M)
Bottom of the 5th over - 0 run(s), 0 hit(s), 0 error(s), 0 left on base; Chicago 7 - Madison 1
TOP OF THE 6TH
Chicago Machine batting - Pitching for Madison Bombers : RHP Andy Parker
Batting: LHB Francisco Vega 0-0: Ball
1-0: Ball
2-0: Ball
3-0: Called Strike
3-1: Base on Balls
Batting: SHB Joaquín López 0-0: Called Strike
0-1: Reached on error, E3 (Groundball, 3L)
Francisco Vega to second
Batting: LHB Eric Wheeler 0-0: Called Strike
0-1: Swinging Strike
0-2: Ball
1-2: Ball
2-2: Fly out, F6 (Popup, 56)
Batting: LHB Luis Sánchez 0-0: Called Strike
0-1: Fly out, F8 (Line Drive, 8RM)
Batting: RHB Doug Stephens 0-0: Called Strike
0-1: Fly out, F8 (Line Drive, 8LM)
Top of the 6th over - 0 run(s), 0 hit(s), 1 error(s), 2 left on base; Chicago 7 - Madison 1
BOTTOM OF THE 6TH
Madison Bombers batting - Pitching for Chicago Machine : RHP Nazih Kasib
Batting: LHB Sixto Cantú 0-0: Ground out 5-3 (Groundball, 56)
Batting: LHB Dave Williams 0-0: Called Strike
0-1: Ball
1-1: Called Strike
1-2: Ball
2-2: Foul Ball, location: 2F
2-2: Strikes out looking
Batting: RHB Bailey Ramsey 0-0: SINGLE (Line Drive, 78S)
Batting: LHB José Santos 0-0: SINGLE (Line Drive, 78M)
Bailey Ramsey to second
Batting: SHB Derek Roach 0-0: SINGLE (Flyball, 8LS)
Bailey Ramsey to third
José Santos to second
Runner from 3rd tries for Home, SAFE, no throw or cutoff
Batting: LHB Avery Hopkins 0-0: Called Strike
0-1: Called Strike
0-2: Strikes out looking
Bottom of the 6th over - 1 run(s), 3 hit(s), 0 error(s), 2 left on base; Chicago 7 - Madison 2
TOP OF THE 7TH
Chicago Machine batting - Pitching for Madison Bombers : RHP Andy Parker
Pitching: RHP Manny Canseco
Batting: LHB Marcos Vargas 0-0: Ball
1-0: Called Strike
1-1: Swinging Strike
1-2: Ball
2-2: Strikes out looking
Batting: RHB Derek Ramsey 0-0: Fly out, F7 (Flyball, 7M)
Batting: RHB Roberto Cardona 0-0: Called Strike
0-1: Ball
1-1: Ball
2-1: Fly out, F9 (Flyball, 9S)
Top of the 7th over - 0 run(s), 0 hit(s), 0 error(s), 0 left on base; Chicago 7 - Madison 2
BOTTOM OF THE 7TH
Madison Bombers batting - Pitching for Chicago Machine : RHP Nazih Kasib
Batting: SHB Michael McDonald 0-0: Called Strike
0-1: Called Strike
0-2: Foul Ball, location: 2F
0-2: Ball
1-2: Ball
2-2: Ground out 6-3 (Groundball, 6M)
Batting: LHB Keith Tillman 0-0: Ball
1-0: Ground out 4-3 (Groundball, 4)
Batting: RHB Sergio Márquez 0-0: Swinging Strike
0-1: Called Strike
0-2: Strikes out swinging
Bottom of the 7th over - 0 run(s), 0 hit(s), 0 error(s), 0 left on base; Chicago 7 - Madison 2
TOP OF THE 8TH
Chicago Machine batting - Pitching for Madison Bombers : RHP Manny Canseco
Batting: RHB Fabrice Brodeur 0-0: Ball
1-0: Ball
2-0: Called Strike
2-1: Ball
3-1: Foul Ball, location: 2F
3-2: Strikes out looking
Batting: LHB Francisco Vega 0-0: Called Strike
0-1: Ball
1-1: Ball
2-1: Foul Ball, location: 2F
2-2: Ground out U3 (Groundball, 3S)
Batting: SHB Joaquín López 0-0: Ground out U3 (Groundball, 3)
Top of the 8th over - 0 run(s), 0 hit(s), 0 error(s), 0 left on base; Chicago 7 - Madison 2
BOTTOM OF THE 8TH
Madison Bombers batting - Pitching for Chicago Machine : RHP Nazih Kasib
Batting: LHB Sixto Cantú 0-0: Ball
1-0: Called Strike
1-1: Ball
2-1: Ball
3-1: Base on Balls
Batting: LHB Dave Williams 0-0: Ball
1-0: Ball
2-0: Ball
3-0: Called Strike
3-1: Swinging Strike
3-2: Ground out 4-3 (Groundball, 4M)
Sixto Cantú to second
Batting: RHB Bailey Ramsey 0-0: Ball
1-0: Called Strike
1-1: Swinging Strike
1-2: Ground out 4-3 (Groundball, 4M)
Sixto Cantú to third
Batting: LHB José Santos 0-0: Ball
1-0: Ball
2-0: Called Strike
2-1: Ground out 4-3 (Groundball, 4)
Bottom of the 8th over - 0 run(s), 0 hit(s), 0 error(s), 1 left on base; Chicago 7 - Madison 2
TOP OF THE 9TH
Chicago Machine batting - Pitching for Madison Bombers : RHP Manny Canseco
Batting: LHB Eric Wheeler 0-0: Ball
1-0: Ground out 4-3 (Groundball, 34)
Batting: LHB Luis Sánchez 0-0: Called Strike
0-1: Ball
1-1: Ball
2-1: SINGLE (Groundball, 4MD)
Batting: RHB Doug Stephens 0-0: Foul Ball, location: 2F
0-1: Ball
1-1: Ball
2-1: Foul Ball, location: 2F
2-2: Strikes out swinging
Batting: LHB Marcos Vargas 0-0: Ball
1-0: Swinging Strike
1-1: Swinging Strike
1-2: Foul Ball, location: 2F
1-2: Foul Ball, location: 2F
1-2: Ball
2-2: Foul Ball, location: 2F
2-2: Foul Ball, location: 2F
2-2: Ball
3-2: Foul Ball, location: 2F
3-2: Foul Ball, location: 2F
3-2: Base on Balls
Luis Sánchez to second
Pitching: RHP Ramón Rodríguez
Batting: RHB Derek Ramsey 0-0: Foul Ball, location: 2F
0-1: Ball
1-1: Foul Ball, location: 2F
1-2: Fly out, F8 (Flyball, 8RM)
Top of the 9th over - 0 run(s), 1 hit(s), 0 error(s), 2 left on base; Chicago 7 - Madison 2
BOTTOM OF THE 9TH
Madison Bombers batting - Pitching for Chicago Machine : RHP Nazih Kasib
Pitching: RHP José García
Batting: SHB Derek Roach 0-0: Ball
1-0: Ball
2-0: Called Strike
2-1: DOUBLE (Flyball, 8RXD)
Batting: LHB Avery Hopkins 0-0: Ball
1-0: Called Strike
1-1: Ball
2-1: Ball
3-1: Called Strike
3-2: TRIPLE (Flyball, 8RXD)
Derek Roach scores
Batting: SHB Michael McDonald 0-0: Called Strike
0-1: Ball
1-1: Ball
2-1: Ground out 3-1 (Groundball, 34)
Avery Hopkins scores
Batting: LHB Keith Tillman 0-0: Ball
1-0: Foul Ball, location: 2F
1-1: Fly out, F6 (Popup, 6)
Batting: RHB Sergio Márquez 0-0: Ground out 6-3 (Groundball, 6M)
Bottom of the 9th over - 2 run(s), 2 hit(s), 0 error(s), 0 left on base; Chicago 7 - Madison 4
This league is powered by Out of the Park Baseball, the baseball management simulation game for PC, Mac and Linux
Saturday, April 9th, 2016 - OOTP Baseball 16.8 Build 38